 Seeded DCSS version 0.29-a0-40-g8eb35efe60 (webtiles) character file.

Game seed: 15814994978132999474 (custom seed)

217262 wilfster70 the Illuminatus (level 19, -27/148 HPs)
             Began as a Gnoll Summoner on Jan 31, 2022.
             Was a High Priest of Ashenzari.
             Killed from afar by an eleionoma (51 damage)
             ... with a spray of wooden splinters
             ... on level 3 of the Swamp on Feb 1, 2022.
             The game lasted 02:22:44 (37265 turns).

wilfster70 the Illuminatus (Gnoll Summoner)        Turns: 37265, Time: 02:22:45

Health: -27/148    AC: 23    Str: 12    XL:     19   Next: 8%
Magic:  1/36       EV: 17    Int: 22    God:    Ashenzari [*****.]
Gold:   1387       SH: 14    Dex: 13    Spells: 15/45 levels left

rFire   + . .      SeeInvis +   a - +5 trident of Toth-Mos's Legacy {venom, Elem, Melee} (curse)
rCold   . . .      Faith    .   m - +0 kite shield of the Eye in the Sky {Slay+3, Fort, Melee} (curse)
rNeg    . . .      Spirit   .   E - +4 troll leather armour of Ashenzari's Burden {Regen+, Alch, Elem} (curse)
rPois   +          Reflect  .   O - +2 hat "Circumscribed Seer" {SInv, Comp, Elem} (curse)
rElec   .          Harm     .   w - +2 cloak of Ashenzari's Planets {rPois, Fort, Melee} (curse)
rCorr   +          Rampage  .   G - +2 pair of gloves of Ashenzari's Black Moon {Will+, Evo, Range} (curse)
Will    ++...      Clarity  +   n - +1 pair of boots of Supernal Understanding {Evo, Fort} (curse)
Stlth   +++.......              e - amulet of the Fated Incredulity {RegenMP, Elem, Comp} (curse)
HPRegen 1.14/turn               c - ring of wizardry
MPRegen 0.65/turn               o - ring of Ashenzari's Pleiades {rF+ rCorr Str+4, Elem, Range} (curse)

@: lethally poisoned (-27 -> -28), very slow
A: fangs 1, strong nose, distributed training
}: 1/15 runes: serpentine
a: Renounce Religion, Curse Item, Shatter the Chains


You were on level 3 of the Swamp.
You worshipped Ashenzari.
Ashenzari was extremely pleased with you.
You visited 6 branches of the dungeon, and saw 32 of its levels.
You also visited: Bailey, Gauntlet and Ice Cave.

You collected 3593 gold pieces.
You spent 2206 gold pieces at shops.

Inventory:

Hand Weapons
 a - the cursed +5 trident of Toth-Mos's Legacy (weapon) {venom, Elem, Melee}
   (You found it on level 1 of the Dungeon)

   It poisons the flesh of those it strikes.
   It has a curse which improves the following skills: Elements: Fire Magic, Ice
   Magic, Air Magic and Earth Magic.
   Melee Combat: Short Blades, Long Blades, Axes, Maces & Flails, Polearms,
   Staves and Unarmed Combat.
Missiles
 g - 61 poisoned darts
 A - 11 curare-tipped darts
 B - 8 datura-tipped darts
 M - 5 silver javelins
 R - 2 throwing nets
Armour
 m - the cursed +0 kite shield of the Eye in the Sky (worn) {Slay+3, Fort, Melee}
   (You found it on level 2 of the Dungeon)

   Slay:      It affects your accuracy & damage with ranged weapons and melee
   (+3).
   It has a curse which improves the following skills: Fortitude: Armour and
   Shields.
   Melee Combat: Short Blades, Long Blades, Axes, Maces & Flails, Polearms,
   Staves and Unarmed Combat.
 n - the cursed +1 pair of boots of Supernal Understanding (worn) {Evo, Fort}
   (You bought it in a shop on level 2 of the Dungeon)

   It has a curse which improves the following skills: Evocations: Evocations.
   Fortitude: Armour and Shields.
 w - the cursed +2 cloak of Ashenzari's Planets (worn) {rPois, Fort, Melee}
   (You bought it in a shop on level 2 of the Dungeon)

   It has a curse which improves the following skills: Fortitude: Armour and
   Shields.
   Melee Combat: Short Blades, Long Blades, Axes, Maces & Flails, Polearms,
   Staves and Unarmed Combat.
 E - the cursed +4 troll leather armour of Ashenzari's Burden (worn) {Regen+, Alch, Elem}
   (You found it on level 9 of the Dungeon)

   Regen:     It increases your rate of health regeneration.
   It has a curse which improves the following skills: Alchemy: Poison Magic and
   Transmutations.
   Elements:  Fire Magic, Ice Magic, Air Magic and Earth Magic.
 G - the cursed +2 pair of gloves of Ashenzari's Black Moon (worn) {Will+, Evo, Range}
   (You found it on level 11 of the Dungeon)

   Will:      It increases your willpower.
   It has a curse which improves the following skills: Evocations: Evocations.
   Ranged Combat: Slings, Bows, Crossbows and Throwing.
 O - the cursed +2 hat "Circumscribed Seer" (worn) {SInv, Comp, Elem}
   (You acquired it on level 5 of the Lair of Beasts)

   It has a curse which improves the following skills: Companions: Summonings
   and Necromancy.
   Elements:  Fire Magic, Ice Magic, Air Magic and Earth Magic.
 Q - a +2 pair of boots
Jewellery
 c - a ring of wizardry (left hand)
 e - the cursed amulet of the Fated Incredulity (around neck) {RegenMP, Elem, Comp}
   (You bought it in a shop on level 14 of the Dungeon)

   [amulet of magic regeneration]

   It increases your rate of magic regeneration.
   It has a curse which improves the following skills: Elements: Fire Magic, Ice
   Magic, Air Magic and Earth Magic.
   Companions: Summonings and Necromancy.
 o - the cursed ring of Ashenzari's Pleiades (right hand) {rF+ rCorr Str+4, Elem, Range}
   (You found it on level 6 of the Dungeon)

   [ring of protection from fire]

   Str:       It affects your strength (+4).
   rF:        It protects you from fire.
   rCorr:     It protects you from acid and corrosion.
   It has a curse which improves the following skills: Elements: Fire Magic, Ice
   Magic, Air Magic and Earth Magic.
   Ranged Combat: Slings, Bows, Crossbows and Throwing.
 L - the ring "Qyjofyupt" {rC+ rN+ Str-2 Dex+3 Slay+2}
   (You bought it in a shop on level 3 of the Snake Pit)

   [ring of protection from cold]

   Str:       It affects your strength (-2).
   Dex:       It affects your dexterity (+3).
   Slay:      It affects your accuracy & damage with ranged weapons and melee
   (+2).
   rC:        It protects you from cold.
   rN:        It protects you from negative energy.
Wands
 b - a wand of acid (27)
 f - a wand of polymorph (24)
 j - a wand of flame (40)
 x - a wand of digging (12)
 D - a wand of paralysis (11)
 H - a wand of charming (5)
 P - a wand of iceblast (12)
 V - a wand of mindburst (15)
Scrolls
 h - 2 scrolls of summoning
 q - 4 scrolls of amnesia
 r - 2 scrolls of blinking
 y - 6 scrolls of fear
 C - 6 scrolls of enchant weapon
 I - 2 scrolls of enchant armour
 J - 10 scrolls of teleportation
 K - a scroll of silence
 N - 2 scrolls of magic mapping
 S - 3 scrolls of fog
 X - a scroll of holy word
Potions
 d - 8 potions of brilliance
 i - 4 potions of magic
 k - 18 potions of curing
 l - 2 potions of might
 p - 7 potions of heal wounds
 s - 2 potions of flight
 t - 4 potions of cancellation
 u - 6 potions of mutation
 v - 4 potions of haste
 z - 3 potions of ambrosia
 T - a potion of invisibility
 U - 3 potions of berserk rage
Miscellaneous
 F - a box of beasts
 Y - a piece from Xom's chessboard (15/15)


   Skills:
 + Level 12.9 Fighting
 + Level 12.9(17.4) Short Blades
 + Level 12.9(17.4) Long Blades
 + Level 12.9(17.4) Axes
 + Level 12.9(17.4) Maces & Flails
 + Level 12.9(17.4) Polearms
 + Level 12.9(17.4) Staves
 + Level 12.9(16.3) Slings
 + Level 12.9(16.3) Bows
 + Level 12.9(16.3) Crossbows
 + Level 12.9(16.3) Throwing
 + Level 12.9(17.4) Armour
 + Level 13.6 Dodging
 + Level 13.5 Stealth
 + Level 12.9(17.4) Shields
 + Level 12.9(17.4) Unarmed Combat
 + Level 13.8 Spellcasting
 + Level 10.9 Conjurations
 + Level 10.9 Hexes
 + Level 12.9(16.3) Summonings
 + Level 10.9(14.3) Necromancy
 + Level 10.9 Translocations
 + Level 10.9(13.2) Transmutations
 + Level 10.9(17.3) Fire Magic
 + Level 10.9(17.3) Ice Magic
 + Level 10.9(17.3) Air Magic
 + Level 10.9(17.3) Earth Magic
 + Level 10.9(13.2) Poison Magic
 + Level 14.0 Invocations
 + Level 12.9(16.3) Evocations


You had 15 spell levels left.
You knew the following spells:

 Your Spells              Type           Power      Damage    Failure   Level
a - Ignition              Fire           37%        3d11      16%         8
b - Airstrike             Air            37%        N/A       1%          4
c - Call Canine Familiar  Summ           72%        N/A       1%          3
d - Summon Lightning Spi  Summ/Air       73%        N/A       1%          4
e - Iron Shot             Conj/Erth      33%        9d7       1%          6
f - Borgnjor's Vile Clut  Necr/Erth      35%        N/A       1%          5

Your spell library contained the following spells:

 Spells                   Type           Power      Damage    Failure   Level
 Animate Skeleton         Necr           100%       N/A       0%          1
 Sandblast                Erth           100%       2d20      0%          1
 Summon Small Mammal      Summ           100%       N/A       0%          1
 Call Imp                 Summ           72%        N/A       0%          2
 Corpse Rot               Necr/Air       100%       N/A       0%          2
 Passwall                 Tmut/Erth      58%        N/A       0%          2
 Poisonous Vapours        Pois/Air       100%       N/A       0%          2
 Swiftness                Air            74%        N/A       0%          3
 Apportation              Tloc           100%       N/A       1%          1
 Beastly Appendage        Tmut           100%       N/A       1%          1
 Magic Dart               Conj           100%       1d8       1%          1
 Slow                     Hex            100%       N/A       1%          1
 Blink                    Tloc           100%       N/A       1%          2
 Ensorcelled Hibernation  Hex/Ice        100%       N/A       1%          2
 Searing Ray              Conj           100%       2d8       1%          2
 Static Discharge         Conj/Air       67%        N/A       1%          2
 Wereblood                Tmut           65%        N/A       1%          2
 Confusing Touch          Hex            59%        N/A       1%          3
 Gell's Gravitas          Tloc           59%        N/A       1%          3
 Lesser Beckoning         Tloc           59%        N/A       1%          3
 Spider Form              Tmut/Pois      65%        N/A       1%          3
 Stone Arrow              Conj/Erth      100%       3d13      1%          3
 Summon Guardian Golem    Hex/Summ       66%        N/A       1%          3
 Teleport Other           Tloc           59%        N/A       1%          3
 Vampiric Draining        Necr           68%        2d10      1%          3
 Anguish                  Hex/Necr       31%        N/A       1%          4
 Animate Armour           Summ/Erth      100%       N/A       1%          4
 Dispel Undead            Necr           68%        3d23      1%          4
 Fulminant Prism          Conj/Hex       29%        3d14      1%          4
 Olgreb's Toxic Radiance  Pois           65%        N/A       1%          4
 Passage of Golubria      Tloc           59%        N/A       1%          4
 Sticky Flame             Conj/Fire      67%        2d8       1%          4
 Alistair's Intoxication  Tmut/Pois      43%        N/A       1%          5
 Blade Hands              Tmut           32%        N/A       1%          5
 Freezing Cloud           Conj/Ice/Air   35%        6-21      1%          5
 Lightning Bolt           Conj/Air       33%        1d51      1%          5
 Silence                  Hex/Air        33%        N/A       1%          5
 Eringya's Noxious Bog    Tmut/Pois      32%        N/A       1%          6
 Simulacrum               Ice/Necr       35%        N/A       1%          6
 Ozocubu's Refrigeration  Ice            37%        4d12      2%          7
 Borgnjor's Revivificati  Necr           34%        N/A       45%         8
 Lehudib's Crystal Spear  Conj/Erth      33%        10d9      50%         8
 Necromutation            Tmut/Necr      33%        N/A       52%         8
 Polar Vortex             Ice            37%        N/A       91%         9
 Death's Door             Necr           34%        N/A       100%        9


Dungeon Overview and Level Annotations

Branches:
Dungeon (15/15)            Temple (1/1) D:7            Lair (6/6) D:10
  Swamp (4/4) Lair:4        Snake (4/4) Lair:2        Slime (0/5) Lair:5
    Orc (2/2) D:9             Elf (0/3) Orc:2        Vaults (0/5) D:13
 Depths (0/4) D:15         Bailey (visited)           IceCv (visited)
Gauntlet (visited)

Altars:
Ashenzari
Cheibriados
Dithmenos
Elyvilon
Fedhas
Gozag
Hepliaklqana
Kikubaaqudgha
Makhleb
Nemelex Xobeh
Okawaru
Qazlal
Ru
Sif Muna
Trog
Uskayaw
Vehumet
Wu Jian
Xom
Yredelemnul
Zin
The Shining One
Beogh
Lugonu

Shops:
D:2 [   D:6 *=   D:10 (   D:11 [   D:14 [=?=(   Orc:2 ((:*!   Snake:3 !!=

Portals:
Abyss: Snake:4
Pandemonium: Orc:2

Annotations:
D:15 3 runed translucent doors, exclusion: orange crystal statue, Cemijugu's ghost, adept GrCj
Snake:2 Nikola
Orc:2 2 transporters, Oxeighit's ghost, journeyman DjIE


Innate Abilities, Weirdness & Mutations

You have very sharp teeth.
Your uncanny sense of smell can sniff out nearby items.
Your experience applies equally to all skills.


Message History

Really walk into that cloud of flame? [Y]es or [N]o only, please.
Really walk into that cloud of flame? [Y]es or [N]o only, please.
Really walk into that cloud of flame?
Okay, then.
Unknown command.
You feel much better.
The zombie hands constrict the eleionoma!
The swamp dragon bites you but does no damage.
The swamp dragon claws you but does no damage.
The swamp dragon misses you.
The eleionoma is engulfed in a cloud of scalding steam.
The eleionoma hits you!
* * * LOW HITPOINT WARNING * * *
Casting: Borgnjor's Vile Clutch (safe; 1% risk of failure)
Confirm with . or Enter, or press ? or * to list all spells.
Aiming: Borgnjor's Vile Clutch (safe; 1% risk of failure)
Press: ? - help, Shift-Dir - straight line, f - swamp dragon, p - eleionoma
Aim: a swamp dragon (severely wounded, 100% to hit)
Zombie hands grab the swamp dragon.
The zombie hands constrict the swamp dragon!
The zombie hands constrict the eleionoma!
The swamp dragon breathes poison at you.
The blast of poison engulfs you but does no damage.
You are poisoned.
You resist.
The eleionoma is engulfed in a cloud of scalding steam.
The eleionoma hits you!
* * * LOW HITPOINT WARNING * * *
You enter the shallow water.
Moving in this stuff is going to be slow.
The zombie hands constrict the swamp dragon!
You kill the swamp dragon!
The zombie hands constrict the eleionoma!
You feel very sick.
The eleionoma is engulfed in a cloud of scalding steam.
The eleionoma hurls a spray of splinters at you.
The spray of wooden splinters hits you!!!
You die...

♣♣♣♣♣.≈≈≈≈≈..[...♣≈≈≈≈≈
♣♣♣♣♣≈≈♣≈≈.[≈§≈♣≈≈≈♣≈≈. ♣♣♣♣♣♣♣
♣♣♣♣♣♣≈.≈≈.§≈§♣≈≈§≈≈≈.≈
♣♣♣♣♣♣♣♣♣ ♣♣♣.≈≈>......≈>)≈≈≈
♣♣♣♣♣♣♣♣♣♣ ♣♣.≈≈♣≈≈♣≈≈♣♣♣♣♣≈≈≈
♣♣♣<♣♣♣♣♣♣♣♣♣♣♣♣.§≈.≈§♣♣♣♣♣♣≈≈≈≈
♣♣♣♣..♣♣♣♣♣♣♣♣○§§R§.♣.♣♣♣♣♣...≈♣
♣♣♣♣♣†.♣♣♣♣♣♣♣☼§§.§§≈≈≈♣♣♣..≈≈.≈
♣♣♣♣♣♣)≈≈.♣...§@☼§[≈§≈...≈.≈≈≈♣.
♣♣♣♣♣♣♣≈≈≈≈..☼☼§≈§§§≈≈♣.≈≈.♣♣.?
♣♣♣♣♣♣♣♣.≈..☼♣☼≈§..≈≈≈≈♣♣♣♣♣♣!
♣♣♣♣♣♣♣♣.♣♣..☼.§♣.≈.♣♣♣♣♣♣♣[.
♣♣♣♣♣♣♣♣♣♣♣♣♣♣.♣.≈♣ ♣♣♣♣.
♣♣♣♣♣♣♣♣♣♣♣.≈^♣ ♣♣♣♣.
♣♣♣♣♣♣♣♣♣♣.♣♣ ♣♣.♣♣ ♣♣♣♣♣♣♣
♣≈..♣ ♣≈≈.


You could see an eleionoma (clutched).

Vanquished Creatures
  Mlioglotl (Snake:2)
  Jorgrun (D:12)
  A tentacled monstrosity (Swamp:3)
  2 thorn hunters
  Gastronok (D:12)
  Aizul (Snake:2)
  Nessos (Lair:4)
  3 eleionomae
  4 bunyips
  A minotaur (Gauntlet)
  A fire dragon (Lair:6)
  A rakshasa (D:14)
  4 boulder beetles
  3 salamander tyrants (Snake:4)
  3 ghost crabs
  22 hydras
  13 naga warriors
  2 demonspawn (Orc:2)
  2 alligators
  5 two-headed ogres
  11 anacondas
  7 centaur warriors
  A death yak (D:11)
  4 shock serpents
  Sonja (D:12)
  5 naga sharpshooters
  4 orc high priests (Orc:2)
  2 fire crabs
  6 salamander mystics
  A goliath frog (Swamp:1)
  5 swamp dragons
  4 bog bodies
  A deep troll (D:13)
  2 spriggan druids
  5 naga ritualists
  3 lindwurms (Snake:4)
  9 mana vipers
  A wizard (D:13)
  A necromancer (D:15)
  4 orc knights (Orc:2)
  4 orc sorcerers (Orc:2)
  6 ugly things
  4 cyclopes
  4 manticores
  12 salamanders
  5 will-o-the-wisps
  10 naga magi
  A rust devil (Orc:2)
  8 cane toads
  A black mamba (shapeshifter) (D:15)
  4 torpor snails
  37 black mambas
  A cane toad (shapeshifter) (D:13)
  9 elephants (Lair:6)
  9 guardian serpents
  A smoke demon (Gauntlet)
  5 molten gargoyles
  An efreet (D:9)
  A freezing wraith (D:13)
  Psyche (D:11)
  2 kobold demonologists
  5 rime drakes
  8 komodo dragons
  2 tengu conjurers (D:15)
  A hellwing (Orc:2)
  3 meliai (D:13)
  A polar bear (D:12)
  4 trolls
  8 hornets
  14 blink frogs
  3 slime creatures (D:14)
  A spriggan zombie (D:15)
  5 tyrant leeches
  16 spriggans
  2 shadows
  5 wyverns
  A vampire (D:9)
  2 wraiths
  2 fire bats (Gauntlet)
  3 basilisks (Lair:6)
  25 yaks
  A hog (shapeshifter) (D:15)
  A steam dragon (D:9)
  8 vampire mosquitoes
  A chaos spawn (Orc:2)
  36 nagas
  7 swamp worms
  5 hell hounds (Lair:6)
  8 water moccasins
  A black bear (D:6)
  4 swamp drakes
  An ice beast (D:12)
  A sky beast (D:8)
  21 orc warriors
  5 boggarts (D:14)
  16 centaurs
  4 wolves
  An ogre (Orc:1)
  8 kobold brigands
  A gnoll sergeant (D:10)
  2 scorpions
  17 bullfrogs
  6 killer bees
  2 wights
  6 howler monkeys
  2 electric eels
  4 centaur zombies
  3 crimson imps (Gauntlet)
  9 lava snakes
  A jelly (D:5)
  12 orc priests
  2 iguanas (Lair:4)
  15 orc wizards
  A gnoll (D:4)
  3 adders
  2 shadow imps
  5 white imps
  An adder skeleton (D:5)
  3 dart slugs
  34 orcs
  4 bats
  An endoplasm (D:1)
  3 giant cockroaches (D:1)
  11 goblins
  6 hobgoblins
  2 jackals (D:1)
  5 quokkas
  4 ball pythons
  3 frilled lizards
  14 kobolds
  5 rats
  A spectral goblin (D:11)
  A lurking horror (Snake:4)
706 creatures vanquished.

Vanquished Creatures (collateral kills)
  3 nagarajas (Snake:4)
  A bunyip (Swamp:3)
  A shambling mangrove (Swamp:2)
  2 naga warriors
  A fire dragon (D:15)
  Fannar (Lair:3)
  A boulder beetle (Lair:4)
  3 hydras
  A ghost crab (Swamp:3)
  3 centaur warriors
  3 anacondas (Snake:4)
  An alligator (Swamp:3)
  A death yak (Lair:4)
  Urug (Lair:4)
  2 two-headed ogres
  An orc high priest (Orc:2)
  5 naga sharpshooters
  2 goliath frogs
  A skeletal warrior (D:15)
  5 salamander mystics
  2 spriggan druids
  A bog body (Swamp:4)
  A phantasmal warrior (D:15)
  5 naga ritualists
  2 lindwurms (Snake:4)
  2 swamp dragons
  Pikel (D:8)
  4 mana vipers (Snake:4)
  A fire giant zombie (D:15)
  2 orc sorcerers (Orc:2)
  A sphinx skeleton (D:15)
  3 salamanders
  A manticore (D:14)
  3 elephants
  3 guardian serpents (Snake:4)
  4 naga magi
  10 black mambas
  A gargoyle (D:10)
  A torpor snail (Lair:6)
  An efreet (D:13)
  An orange demon (Orc:2)
  2 cane toads
  A rime drake (Lair:6)
  5 komodo dragons
  A guardian mummy (D:15)
  A troll (D:10)
  A polar bear (Lair:5)
  2 hornets
  13 blink frogs
  A spriggan zombie (D:15)
  A slime creature (D:10)
  A tyrant leech (Swamp:4)
  2 dream sheep (Lair:4)
  A centaur simulacrum (D:12)
  2 spriggans
  19 yaks
  2 steam dragons
  7 vampire mosquitoes
  A basilisk (Lair:5)
  Edmund (D:6)
  3 swamp worms
  An acid dragon (D:12)
  16 nagas
  6 water moccasins
  2 swamp drakes
  2 ice beasts
  16 orc warriors
  2 black bears
  A necrophage (D:5)
  2 ogres
  3 centaurs
  A lemure (D:8)
  Blork the orc (D:6)
  A kobold brigand (Bailey)
  5 bullfrogs
  6 killer bees
  6 wights
  4 howler monkeys
  3 centaur zombies
  16 orc priests
  A jelly (D:6)
  A centaur skeleton (D:5)
  A hound (D:5)
  Jessica (D:3)
  4 iguanas
  6 orc wizards
  5 adders
  3 gnolls
  A white imp (D:6)
  An ufetubus (D:5)
  An adder zombie (D:5)
  A worm (D:2)
  44 orcs
  A ball python (D:2)
  3 endoplasms
  A giant cockroach (D:2)
  2 goblins
  3 hobgoblins
  4 jackals (D:1)
  A frilled lizard (D:3)
  9 kobolds
344 creatures vanquished.

Vanquished Creatures (others)
  A spriggan druid (Swamp:4)
  3 bloated husks
  A bush (Lair:6)
  12 foxfires
  34 fungi
  A lurking horror (Snake:4)
  48 plants
  8 starspawn tentacles (Snake:2)
  12 withered plants (D:15)
120 creatures vanquished.

Grand Total: 1170 creatures vanquished

Notes
Turn   | Place    | Note
-------+----------+-------------------------------------------
     0 | D:1      | wilfster70 the Gnoll Summoner began the quest for the Orb.
     0 | D:1      | Reached XP level 1. HP: 13/13 MP: 6/6
   345 | D:1      | Reached XP level 2. HP: 18/19 MP: 5/7
   363 | D:1      | Learned a level 2 spell: Call Imp
   800 | D:1      | Reached XP level 3. HP: 9/25 MP: 9/9
   804 | D:1      | Learned a level 3 spell: Call Canine Familiar
  1069 | D:1      | Reached skill level 5 in Spellcasting
  1302 | D:1      | Reached skill level 1 in Invocations
  1723 | D:1      | Found a faded altar of an unknown god.
  2075 | D:2      | Reached skill level 1 in Fighting
  2075 | D:2      | Reached skill level 1 in Short Blades
  2075 | D:2      | Reached skill level 1 in Long Blades
  2075 | D:2      | Reached skill level 1 in Axes
  2075 | D:2      | Reached skill level 1 in Maces & Flails
  2075 | D:2      | Reached skill level 1 in Polearms
  2075 | D:2      | Reached skill level 1 in Staves
  2075 | D:2      | Reached skill level 1 in Slings
  2075 | D:2      | Reached skill level 1 in Bows
  2075 | D:2      | Reached skill level 1 in Crossbows
  2075 | D:2      | Reached skill level 1 in Throwing
  2075 | D:2      | Reached skill level 1 in Armour
  2075 | D:2      | Reached skill level 1 in Shields
  2075 | D:2      | Reached skill level 1 in Unarmed Combat
  2075 | D:2      | Reached skill level 1 in Evocations
  2346 | D:2      | Reached XP level 4. HP: 32/32 MP: 8/11
  2351 | D:2      | Learned a level 4 spell: Summon Lightning Spire
  2380 | D:2      | Identified the +0 kite shield "Naneric" {Slay+3}
  2520 | D:2      | Found Seluut's Armour Shop.
  2523 | D:2      | Bought a +0 pair of boots for 54 gold pieces
  2848 | D:3      | Reached skill level 1 in Conjurations
  2848 | D:3      | Reached skill level 1 in Hexes
  2848 | D:3      | Reached skill level 1 in Necromancy
  2848 | D:3      | Reached skill level 1 in Translocations
  2848 | D:3      | Reached skill level 1 in Transmutations
  2848 | D:3      | Reached skill level 1 in Fire Magic
  2848 | D:3      | Reached skill level 1 in Ice Magic
  2848 | D:3      | Reached skill level 1 in Air Magic
  2848 | D:3      | Reached skill level 1 in Earth Magic
  2848 | D:3      | Reached skill level 1 in Poison Magic
  2856 | D:3      | Noticed Jessica
  2875 | D:3      | Killed Jessica
  2876 | D:3      | Reached XP level 5. HP: 21/37 MP: 8/12
  3144 | D:3      | Got Jessica's Papyrus of Dislocation
  3147 | D:3      | Reached skill level 4 in Invocations
  3147 | D:3      | Reached XP level 6. HP: 49/49 MP: 12/15
  3148 | D:3      | Reached skill level 5 in Fighting
  3148 | D:3      | Reached skill level 5 in Short Blades
  3148 | D:3      | Reached skill level 5 in Long Blades
  3148 | D:3      | Reached skill level 5 in Axes
  3148 | D:3      | Reached skill level 5 in Maces & Flails
  3148 | D:3      | Reached skill level 5 in Polearms
  3148 | D:3      | Reached skill level 5 in Staves
  3148 | D:3      | Reached skill level 5 in Slings
  3148 | D:3      | Reached skill level 5 in Bows
  3148 | D:3      | Reached skill level 5 in Crossbows
  3148 | D:3      | Reached skill level 5 in Throwing
  3148 | D:3      | Reached skill level 5 in Armour
  3148 | D:3      | Reached skill level 5 in Shields
  3148 | D:3      | Reached skill level 5 in Unarmed Combat
  3148 | D:3      | Reached skill level 6 in Invocations
  3148 | D:3      | Reached skill level 5 in Evocations
  3148 | D:3      | Reached XP level 7. HP: 56/56 MP: 13/18
  3281 | D:3      | You fall into a shaft and drop 3 floors!
  3579 | D:6      | Found Limiss's Sacrilege Store.
  3636 | D:6      | Noticed Blork the orc
  3668 | D:6      | Reached XP level 8. HP: 16/64 MP: 9/19
  3669 | D:6      | Killed Blork the orc
  3911 | D:6      | Identified the ring of the Camelopard {rF+ rCorr Str+4}
  3941 | D:5      | Entered Level 5 of the Dungeon
  4719 | D:3      | Identified the +7 leather armour of Distant Shores {rN+}
  6083 | D:5      | Reached XP level 9. HP: 62/69 MP: 17/20
  6292 | D:5      | Reached skill level 5 in Conjurations
  6292 | D:5      | Reached skill level 5 in Hexes
  6292 | D:5      | Reached skill level 5 in Necromancy
  6292 | D:5      | Reached skill level 5 in Translocations
  6292 | D:5      | Reached skill level 5 in Transmutations
  6292 | D:5      | Reached skill level 5 in Fire Magic
  6292 | D:5      | Reached skill level 5 in Ice Magic
  6292 | D:5      | Reached skill level 5 in Air Magic
  6292 | D:5      | Reached skill level 5 in Earth Magic
  6292 | D:5      | Reached skill level 5 in Poison Magic
  6469 | D:2      | Bought a +2 cloak of poison resistance for 222 gold pieces
  6611 | D:7      | Found a staircase to the Ecumenical Temple.
  6631 | Temple   | Entered the Ecumenical Temple
  6868 | Temple   | Became a worshipper of Ashenzari the Shackled
  7195 | D:6      | Found Lanasm's Jewellery Shop.
  7277 | D:6      | Noticed Edmund
  7296 | D:6      | Killed Edmund
  8023 | D:7      | Found a glowing golden altar of the Shining One.
  8032 | D:7      | Reached * piety under Ashenzari
  8576 | D:8      | Noticed a two-headed ogre
  8598 | D:8      | Killed a two-headed ogre
  8599 | D:8      | Reached XP level 10. HP: 21/76 MP: 15/22
  8961 | D:8      | Noticed Pikel
  8973 | D:8      | Killed Pikel
  8974 | D:8      | Reached skill level 7 in Invocations
  9522 | D:9      | Found a flagged portal.
  9637 | Bailey   | Entered a bailey
  9945 | Bailey   | HP: 3/77 [orc warrior (11)]
 10186 | Bailey   | Found an iron altar of Okawaru.
 10256 | D:9      | Found a staircase to the Orcish Mines.
 10461 | D:9      | Reached XP level 11. HP: 63/83 MP: 23/23
 11113 | D:9      | Reached ** piety under Ashenzari
 11684 | D:10     | Entered Level 10 of the Dungeon
 11789 | D:10     | Noticed a two-headed ogre
 11938 | D:9      | Killed a two-headed ogre
 12387 | D:10     | Noticed a two-headed ogre
 12410 | D:10     | Killed a two-headed ogre
 12653 | D:10     | Found Piwut's Weapon Shop.
 12658 | D:10     | Found a staircase to the Lair.
 12831 | D:10     | Reached skill level 8 in Invocations
 12934 | D:10     | Noticed a centaur warrior
 12945 | D:10     | Killed a centaur warrior
 13495 | D:11     | Reached XP level 12. HP: 76/91 MP: 25/25
 13613 | D:11     | Identified the +2 pair of gloves of the Well-Known Places
                  | {Will+}
 13747 | Lair:1   | Entered Level 1 of the Lair of Beasts
 13783 | Lair:1   | Found an ornate altar of the Wu Jian Council.
 13783 | Lair:1   | Found a hide-covered altar of Uskayaw.
 13783 | Lair:1   | Noticed a boulder beetle
 13808 | Lair:1   | Killed a boulder beetle
 13994 | Lair:1   | Reached *** piety under Ashenzari
 14258 | Lair:1   | Learned a level 4 spell: Olgreb's Toxic Radiance
 14312 | Lair:1   | Identified the +9 flail "Jied" {vorpal, rPois rF- Int+2}
 14489 | Lair:1   | Reached **** piety under Ashenzari
 14890 | Lair:2   | Found a staircase to the Snake Pit.
 15206 | Lair:2   | Learned a level 4 spell: Airstrike
 15216 | Lair:2   | Identified the +0 ring mail of Tater {Str+5}
 15249 | Lair:2   | Learned a level 6 spell: Iron Shot
 15740 | Lair:2   | Found a snail-covered altar of Cheibriados.
 15890 | Lair:3   | Noticed an eight-headed hydra
 15921 | Lair:3   | Reached ***** piety under Ashenzari
 16007 | Lair:3   | Found a gate leading to a gauntlet.
 16032 | Gauntlet | Entered a Gauntlet
 16032 | Gauntlet | Found a transporter.
 16032 | Gauntlet | Found a transporter.
 16039 | Gauntlet | Found a transporter.
 16050 | Gauntlet | Found a runed translucent door.
 16054 | Gauntlet | Found a transporter.
 16072 | Gauntlet | Found a transporter.
 16072 | Gauntlet | Found a transporter.
 16076 | Gauntlet | Found a transporter.
 16077 | Gauntlet | Found a transporter.
 16077 | Gauntlet | Found a transporter.
 16079 | Gauntlet | Noticed a ghost crab
 16081 | Gauntlet | Noticed a death yak
 16081 | Gauntlet | Noticed a death yak
 16081 | Gauntlet | Noticed a death yak
 16094 | Gauntlet | Found a transporter.
 16094 | Gauntlet | Identified the +6 hand crossbow of the Piercing Augurer
                  | {vorpal, rElec rC+ Dex+2}
 16109 | Gauntlet | Identified the ring "Puozeu" {rElec Str+4 Int-5 Dex+6
                  | Stlth+}
 16111 | Gauntlet | Found a transporter.
 16119 | Gauntlet | Noticed a death scarab
 16119 | Gauntlet | Noticed a death scarab
 16122 | Gauntlet | Identified the +2 cloak of Gysezyo {Int+4}
 16124 | Gauntlet | Found a transporter.
 16136 | Gauntlet | Found a transporter.
 16152 | Gauntlet | Identified the +0 hat of Negation {rElec}
 16161 | Gauntlet | Found a transporter.
 16255 | Gauntlet | Reached skill level 9 in Invocations
 16324 | Gauntlet | Killed a ghost crab
 16325 | Gauntlet | Reached XP level 13. HP: 69/107 MP: 24/30
 16362 | Gauntlet | Noticed a minotaur
 16403 | Gauntlet | Killed a minotaur
 16404 | Gauntlet | Reached skill level 10 in Summonings
 16846 | Lair:3   | Noticed Fannar
 16859 | Lair:3   | Killed Fannar
 16860 | Lair:3   | Reached skill level 10 in Spellcasting
 17282 | Lair:3   | Upgraded the game from 0.29-a0-23-ga79f92ac9c to
                  | 0.29-a0-25-g7f48f510a0
 17437 | Lair:4   | Reached skill level 10 in Dodging
 17813 | Lair:4   | Reached skill level 10 in Stealth
 17923 | Lair:4   | Reached XP level 14. HP: 32/116 MP: 21/31
 18056 | Lair:4   | Found a staircase to the Swamp.
 18137 | Lair:4   | Noticed Urug
 18147 | Lair:4   | Killed Urug
 18320 | Lair:4   | Noticed Nessos
 18332 | Lair:4   | Killed Nessos
 18333 | Lair:4   | Reached skill level 10 in Invocations
 18676 | Lair:5   | Identified a scroll of acquirement
 18702 | Lair:5   | Acquired a +2 hat of see invisible
 18863 | Lair:5   | Found a staircase to the Slime Pits.
 19211 | Lair:6   | Entered Level 6 of the Lair of Beasts
 19774 | Lair:6   | Learned a level 5 spell: Borgnjor's Vile Clutch
 20187 | Lair:6   | Found a large runed translucent door.
 20187 | Lair:6   | Found a large runed translucent door.
 20809 | D:11     | Reached XP level 15. HP: 124/124 MP: 21/33
 20962 | D:11     | Noticed Psyche
 20969 | D:11     | Killed Psyche
 21118 | D:11     | Found Toupp's Antique Armour Shop.
 21133 | D:11     | Found a hazy altar of Hepliaklqana.
 21266 | D:12     | Reached skill level 10 in Fighting
 21266 | D:12     | Reached skill level 10 in Short Blades
 21266 | D:12     | Reached skill level 10 in Long Blades
 21266 | D:12     | Reached skill level 10 in Axes
 21266 | D:12     | Reached skill level 10 in Maces & Flails
 21266 | D:12     | Reached skill level 10 in Polearms
 21266 | D:12     | Reached skill level 10 in Staves
 21266 | D:12     | Reached skill level 10 in Slings
 21266 | D:12     | Reached skill level 10 in Bows
 21266 | D:12     | Reached skill level 10 in Crossbows
 21266 | D:12     | Reached skill level 10 in Throwing
 21266 | D:12     | Reached skill level 10 in Armour
 21266 | D:12     | Reached skill level 10 in Shields
 21266 | D:12     | Reached skill level 10 in Unarmed Combat
 21266 | D:12     | Reached skill level 10 in Evocations
 21343 | D:12     | Noticed Jorgrun
 21369 | D:12     | Killed Jorgrun
 21509 | D:12     | Found a frozen archway.
 21569 | IceCv    | Entered an ice cave
 21625 | D:12     | Noticed Gastronok
 21647 | D:12     | Killed Gastronok
 21681 | D:12     | Reached skill level 11 in Invocations
 21750 | D:12     | Noticed Sonja
 21755 | D:12     | Killed Sonja
 22120 | Orc:1    | Entered Level 1 of the Orcish Mines
 22198 | Orc:2    | Entered Level 2 of the Orcish Mines
 22229 | Orc:2    | Found Pejae's Weapon Shoppe.
 22229 | Orc:2    | Found a staircase to the Elven Halls.
 22991 | Orc:2    | Reached ****** piety under Ashenzari
 23069 | Orc:2    | Found Tiataj's Distillery.
 23091 | Orc:2    | Found Cedyg's General Store.
 23103 | Orc:2    | Bought a potion of invisibility for 128 gold pieces
 23103 | Orc:2    | Bought a potion of berserk rage for 80 gold pieces
 23103 | Orc:2    | Bought a potion of heal wounds for 80 gold pieces
 23105 | Orc:2    | Bought a wand of mindburst (5) for 90 gold pieces
 23131 | Orc:2    | Found a transporter.
 23164 | Orc:2    | Found the +3 hat of Pondering {ponderous, Will+ MP+10
                  | Int+5}
 23164 | Orc:2    | Identified the +5 scale mail "Dofykiaf" {rF+}
 23164 | Orc:2    | Noticed Oxeighit's ghost (journeyman DjIE)
 23179 | Orc:2    | Found a bloodstained altar of Trog.
 23181 | Orc:2    | Found a transporter.
 23283 | Orc:2    | Found Haokuhoch's Antique Weapon Boutique.
 23674 | Orc:2    | Found Fungycacaw's Book Shop.
 23800 | Orc:2    | Found a one-way gate leading to the halls of Pandemonium.
 23905 | Orc:2    | Bought a book of the Moon for 520 gold pieces
 25184 | D:13     | Found a gate to the Vaults.
 25452 | D:14     | Reached XP level 16. HP: 107/133 MP: 16/35
 25560 | D:14     | Found Eckeag's Jewellery Shoppe.
 25568 | D:14     | Bought an amulet of magic regeneration for 330 gold pieces
 25625 | D:14     | Found Peoqib's Antique Armour Emporium.
 25792 | D:14     | Found a glowing golden altar of the Shining One.
 25804 | D:14     | Found Velex's Magic Scroll Shoppe.
 25809 | D:14     | Bought a scroll of teleportation for 42 gold pieces
 25809 | D:14     | Bought a scroll of teleportation for 42 gold pieces
 25809 | D:14     | Bought a scroll of enchant weapon for 105 gold pieces
 25817 | D:14     | Found Bopn's Jewellery Boutique.
 25886 | D:14     | Found Wotsal's Antique Weapon Boutique.
 26033 | D:15     | Entered Level 15 of the Dungeon
 26073 | D:15     | Found a runed translucent gate.
 26074 | D:15     | Found a runed translucent gate.
 26074 | D:15     | Found a runed translucent gate.
 26076 | D:15     | Noticed Cemijugu's ghost (adept GrCj)
 26207 | D:15     | Found a staircase to the Depths.
 26421 | D:15     | Upgraded the game from 0.29-a0-25-g7f48f510a0 to
                  | 0.29-a0-40-g8eb35efe60
 26796 | D:15     | Found a broken altar of Ashenzari.
 27343 | Snake:1  | Entered Level 1 of the Snake Pit
 27376 | Snake:1  | Reached skill level 12 in Invocations
 28734 | Snake:2  | Noticed Mlioglotl
 28816 | Snake:2  | Noticed a tentacled starspawn
 28818 | Snake:2  | Noticed a tentacled starspawn
 28860 | Snake:2  | Killed Mlioglotl
 28968 | Snake:2  | Identified the +7 flail of the Skies Above {freeze, rElec}
 28971 | Snake:2  | Noticed Aizul
 28986 | Snake:2  | Killed Aizul
 29068 | Snake:2  | Noticed Nikola
 29461 | Snake:3  | Reached XP level 17. HP: 139/139 MP: 32/36
 29484 | Snake:3  | Learned a level 8 spell: Ignition
 29485 | Snake:3  | Found Viutzut's Distillery.
 30264 | Snake:3  | Found Wenosah's Jewellery Boutique.
 30266 | Snake:3  | Found Nuizur Toen's Distillery.
 30273 | Snake:3  | Bought the ring "Qyjofyupt" {rC+ rN+ Str-2 Dex+3 Slay+2}
                  | for 513 gold pieces
 30806 | Snake:4  | Entered Level 4 of the Snake Pit
 31131 | Snake:4  | Found a one-way gate to the infinite horrors of the Abyss.
 31300 | Snake:4  | Reached skill level 10 in Conjurations
 31300 | Snake:4  | Reached skill level 10 in Hexes
 31300 | Snake:4  | Reached skill level 10 in Necromancy
 31300 | Snake:4  | Reached skill level 10 in Translocations
 31300 | Snake:4  | Reached skill level 10 in Transmutations
 31300 | Snake:4  | Reached skill level 10 in Fire Magic
 31300 | Snake:4  | Reached skill level 10 in Ice Magic
 31300 | Snake:4  | Reached skill level 10 in Air Magic
 31300 | Snake:4  | Reached skill level 10 in Earth Magic
 31300 | Snake:4  | Reached skill level 10 in Poison Magic
 31796 | Snake:4  | Found a corrupted altar of Lugonu.
 32256 | Snake:4  | Reached skill level 13 in Invocations
 32536 | Swamp:1  | Entered Level 1 of the Swamp
 33214 | Snake:4  | Reached XP level 18. HP: 139/140 MP: 35/35
 33271 | Snake:4  | HP: 6/140 [salamander mystic (5)]
 33812 | Snake:4  | Got a serpentine rune of Zot
 35353 | Swamp:2  | Identified the +2 chain mail of Unambiguity {+Blink Will++
                  | Slay-4}
 35552 | Swamp:3  | Noticed a tentacled monstrosity
 35565 | Swamp:3  | Killed a tentacled monstrosity
 36067 | Swamp:3  | Identified the +7 hunting sling "Caja Dapt" {venom, rF-
                  | Str+3 Int+3}
 36446 | Swamp:4  | Entered Level 4 of the Swamp
 37081 | Swamp:4  | Reached XP level 19. HP: 134/148 MP: 21/36
 37244 | Swamp:4  | Reached skill level 14 in Invocations
 37256 | Swamp:4  | HP: 4/148 [eleionoma/spray of wooden splinters (45)]
 37265 | Swamp:3  | Killed from afar by an eleionoma

Illustrated notes

Levels and vault maps discovered:
D:1:      lightli_arrival_statue_moat, layout_basic,
          dilly_ecumenical_altar_fadedgnrine
D:2:      layout_basic, serial_shops, nicolae_shop_behind_doors, hex_tiny
D:3:      layout_basic, kennysheep_jessica_study
D:4:      layout_layer_cave
D:5:      layout_rooms, minmay_fountain_box, minmay_pentangle
D:6:      layout_rooms, serial_shops, shop, nicolae_evil_shop, uniq_edmund,
          uniq_blork_the_orc
D:7:      layout_loops_cross, nicolae_overflow_crystal_walls,
          minmay_temple_entry_waves
D:8:      layout_rooms, chequers_arboretum, grunt_ministairs_8, uniq_pikel
D:9:      layout_roguey, minmay_orc_entry_temple_small, enter_bailey_5
D:10:     wad_guarded_room, layout_rooms, serial_shops, nicolae_shop_stone
D:11:     layout_roguey, serial_shops, nicolae_shop_overgrown_old_shop,
          nicolae_hepliaklqana_monster_ancestors, uniq_psyche
D:12:     layout_roguey, serial_ice, serial_ice_c, serial_ice_h, serial_ice_b,
          serial_ice_m, portal_ice_cave_rime, uniq_gastronok, uniq_jorgrun,
          uniq_sonja
D:13:     cheibrodos_magma_flow, layout_basic, david_vaults_4,
          serial_corexii_hall, chequers_hall_statues_wall_a,
          chequers_hall_statues_corner_a, minmay_orc_keep
D:14:     layout_gridville, minmay_splitting_lines, serial_shops,
          nicolae_shop_hallway_stairs, nicolae_shop_behind_doors, shop,
          nicolae_shop_competitors_out_of_business, shop, tso_oasis_becter
D:15:     gammafunk_depths_entry_grave, layout_loops_cross,
          gammafunk_ghost_spectres, ashenzari_conservatory_becter, minivault_16,
          grunt_decor_clamped, lightli_corner_chamber
Temple:   mainiacjoe_temple_starburst
Lair:1:   layout_regular_city, cheibrodos_lair_caveside_slide,
          nzn_masters_of_martial_movement, grunt_megastairs_1,
          serial_bayou_shore_a, infiniplex_staircase_pool
Lair:2:   layout_small_grid, guppyfry_snake_entry_garden,
          kennysheep_snail_temple
Lair:3:   layout_loops_ring, gauntlet_entry_generic, serial_bayou_pond_d,
          grunt_megastairs_5, uniq_fannar
Lair:4:   nzn_winding_woodlands_stair_cross [nzn_winding_woodlands_5x15_parted,
          nzn_winding_woodlands_center_lodge, nzn_winding_woodlands_5x15_twine,
          nzn_winding_woodlands_hourglass, nzn_winding_woodlands_5x5_perimeter,
          nzn_winding_woodlands_5x15_pool, nzn_winding_woodlands_center_garden,
          nzn_winding_woodlands_5x15_default], layout_hall_layers,
          minmay_swamp_entry_reptiles, chequers_serial_rivers_room_b,
          fungi_pond_lemuel, uniq_nessos, uniq_urug
Lair:5:   layout_concentric_octagons, slime_dummy, nzn_sisyphean_effort
Lair:6:   cheibrodos_lair_end_hotspot, layout_layer_cave,
          chequers_serial_rivers_micro_b
Swamp:1:  layout_falls_marsh, nicolae_swamp_little_tower, swamp_pool1
Swamp:2:  layout_basic_swamp, evilmike_swamp_ruin_rubble_1
Swamp:3:  layout_falls_marsh, hangedman_swamp_ruin_wall
Swamp:4:  swamp_alternative, layout_basic_swamp
Snake:1:  layout_honeycomb
Snake:2:  layout_rooms, nicolae_elevator_lobby_plus, uniq_nikola,
          uniq_mlioglotl, uniq_aizul
Snake:3:  layout_gridlike, minmay_shop_star, grunt_megastairs_4,
          serial_bayou_shore_b
Snake:4:  snake_pit_salamanders_mu, layout_cave_town,
          amcnicky_altar_lugonu_corruption
Orc:1:    layout_caves, basic_altar
Orc:2:    pf_orc_diabolical, layout_caves, serial_shops, shop,
          gammafunk_ghost_wrathful_warriors

Skill      XL: |  1  2  3  4  5  6  7  8  9 10 11 12 13 14 15 16 17 18 19 |
---------------+----------------------------------------------------------+-----
Spellcasting   | 5 6 7 8 9 10 11 12 13 | 13.8
Invocations    | 1 4 6 7 8 9 10 11 12 13 14 | 14.0
Fighting       | 1 4 5 6 7 8 9 10 11 12 | 12.9
Short Blades   | 1 4 5 6 7 8 9 10 11 12 | 12.9
Long Blades    | 1 4 5 6 7 8 9 10 11 12 | 12.9
Axes           | 1 4 5 6 7 8 9 10 11 12 | 12.9
Maces & Flails | 1 4 5 6 7 8 9 10 11 12 | 12.9
Polearms       | 1 4 5 6 7 8 9 10 11 12 | 12.9
Staves         | 1 4 5 6 7 8 9 10 11 12 | 12.9
Slings         | 1 4 5 6 7 8 9 10 11 12 | 12.9
Bows           | 1 4 5 6 7 8 9 10 11 12 | 12.9
Crossbows      | 1 4 5 6 7 8 9 10 11 12 | 12.9
Throwing       | 1 4 5 6 7 8 9 10 11 12 | 12.9
Armour         | 1 4 5 6 7 8 9 10 11 12 | 12.9
Shields        | 1 4 5 6 7 8 9 10 11 12 | 12.9
Unarmed Combat | 1 4 5 6 7 8 9 10 11 12 | 12.9
Evocations     | 1 4 5 6 7 8 9 10 11 12 | 12.9
Conjurations   | 1 3 4 5 6 7 8 9 10 | 10.9
Hexes          | 1 3 4 5 6 7 8 9 10 | 10.9
Necromancy     | 1 3 4 5 6 7 8 9 10 | 10.9
Translocations | 1 3 4 5 6 7 8 9 10 | 10.9
Transmutations | 1 3 4 5 6 7 8 9 10 | 10.9
Fire Magic     | 1 3 4 5 6 7 8 9 10 | 10.9
Ice Magic      | 1 3 4 5 6 7 8 9 10 | 10.9
Air Magic      | 1 3 4 5 6 7 8 9 10 | 10.9
Earth Magic    | 1 3 4 5 6 7 8 9 10 | 10.9
Poison Magic   | 1 3 4 5 6 7 8 9 10 | 10.9
Dodging        | 6 7 8 9 10 11 12 13 | 13.6
Stealth        | 6 7 8 9 10 11 12 13 | 13.5
Summonings     | 8 9 10 11 12 | 12.9

Action                   |  1- 3 |  4- 6 |  7- 9 | 10-12 | 13-15 | 16-18 | 19-21 || total
-------------------------+-------+-------+-------+-------+-------+-------+-------++-------
Melee: Trident           |   116 |    49 |   189 |   480 |   954 |   921 |    13 ||  2722
       Unarmed           |     7 |       |       |       |       |       |       ||     7
       Spear             |     2 |       |       |       |       |       |       ||     2
       Bite              |     6 |     2 |    16 |    61 |   134 |   133 |     5 ||   357
       Punch             |     2 |     1 |     3 |    12 |       |       |       ||    18
 Fire: Hunting sling     |     2 |       |       |       |       |       |       ||     2
 Cast: Summon Small Mamm |     5 |       |       |       |       |       |       ||     5
       Call Imp          |     3 |       |       |       |       |       |       ||     3
       Call Canine Famil |     6 |     4 |     1 |    18 |    11 |       |       ||    40
       Summon Lightning  |       |       |    47 |    61 |    74 |   121 |     1 ||   304
       Airstrike         |       |       |       |     7 |     7 |     3 |       ||    17
       Olgreb's Toxic Ra |       |       |       |     1 |       |       |       ||     1
       Iron Shot         |       |       |       |       |    22 |    19 |       ||    41
       Borgnjor's Vile C |       |       |       |       |    62 |   141 |     5 ||   208
       Ignition          |       |       |       |       |       |    28 |     4 ||    32
Invok: Curse Item        |       |       |     2 |     6 |     3 |     2 |       ||    13
       Shatter the Chain |       |       |       |       |     2 |     2 |       ||     4
Evoke: Wand              |       |       |       |       |     1 |       |       ||     1
  Use: Scroll            |       |     2 |    20 |     3 |     6 |     8 |       ||    39
       Potion            |       |     2 |       |     3 |     4 |     3 |     2 ||    14
 Stab: Sleeping          |     6 |     3 |     6 |     7 |    11 |    17 |       ||    50
       Distracted        |       |       |     4 |    10 |    19 |    22 |       ||    55
       Betrayed ally     |       |       |       |     1 |       |       |       ||     1
       Paralysed         |       |       |       |       |     3 |       |       ||     3
Armor: Robe              |    28 |     5 |     6 |       |       |       |       ||    39
       Leather armour    |       |       |    84 |   251 |   223 |       |       ||   558
       Skin              |       |       |       |     3 |       |       |       ||     3
       Troll leather arm |       |       |       |       |    14 |   279 |    27 ||   320
Dodge: Dodged            |   101 |    28 |   191 |   368 |   337 |   382 |    19 ||  1426
Block: Kite shield       |       |       |       |   148 |   440 |   534 |    28 ||  1150

Table legend: (Time is in decaauts)
 A = Elapsed time spent in this place.
 B = Non-inter-level travel time spent in this place.
 C = Inter-level travel time spent in this place.
 D = Time resting spent in this place.
 E = Time spent auto-exploring this place.
 F = Levels seen in this place.
 G = Mean time per level.
                   A        B        C        D        E       F      G
               +--------+--------+--------+--------+--------+-----+--------+
         Total |  37068 |  34483 |   2585 |   8794 |  10038 |  35 | 1059.1 |
       Dungeon |  17594 |  16427 |   1167 |   4689 |   5433 |  15 | 1172.9 |
        Temple |    298 |    237 |     61 |      0 |    207 |   1 |  298.0 |
          Lair |   6856 |   6210 |    646 |   1106 |   2415 |   6 | 1142.7 |
         Swamp |   3226 |   3062 |    164 |    941 |    427 |   4 |  806.5 |
     Snake Pit |   6278 |   5796 |    482 |   1179 |   1198 |   4 | 1569.5 |
  Orcish Mines |   1846 |   1783 |     63 |    439 |    356 |   2 |  923.0 |
        Bailey |    584 |    584 |      0 |    402 |      2 |   1 |  584.0 |
      Ice Cave |      2 |      2 |      0 |      0 |      0 |   1 |    2.0 |
      Gauntlet |    381 |    381 |      0 |     38 |      0 |   1 |  381.0 |
               +--------+--------+--------+--------+--------+-----+--------+

Top non-repeatable levels by time:
 Snake:4: 2596 daAuts
     D:9: 2147 daAuts
 Snake:3: 1847 daAuts
     D:1: 1783 daAuts
   Orc:2: 1506 daAuts
    D:10: 1470 daAuts
  Lair:6: 1412 daAuts
     D:3: 1321 daAuts
    D:13: 1237 daAuts
  Lair:1: 1230 daAuts
 Swamp:3: 1220 daAuts
  Lair:4: 1201 daAuts
 Snake:1: 1144 daAuts
     D:6: 1140 daAuts
    D:15: 1139 daAuts
